 Dungeon Crawl Stone Soup version 0.30-a0-570-g486de37d69 (webtiles) character file.

Game seed: 6369668678062528849

65 M4edhros the Charlatan (level 4, 0/29 HPs)
             Began as an Octopode Artificer on Dec 29, 2022.
             Slain by a scorpion (4 damage)
             ... on level 4 of the Dungeon.
             The game lasted 00:01:15 (531 turns).

M4edhros the Charlatan (Octopode Artificer)          Turns: 531, Time: 00:01:15

Health: 0/29       AC:  1    Str: 11    XL:     4   Next: 13%
Magic:  4/4        EV: 14    Int: 13    God:
Gold:   10         SH:  0    Dex: 20    Spells: 3/3 levels left

rFire   . . .      SeeInvis .      - Unarmed
rCold   . . .      Faith    .    (no shield)
rNeg    + . .      Spirit   .    (helmet restricted)
rPois   .          Reflect  .    (no amulet)
rElec   .          Harm     .    g - +6 ring of dexterity
rCorr   .          Rampage  .    i - ring of positive energy
Will    .....                    j - ring of flight
Stlth   +++                      (no ring)
HPRegen 0.24/turn                (no ring)
MPRegen 0.09/turn                (no ring)
                                 (no ring)
                                 (no ring)

@: lethally poisoned (0 -> -6), flying
A: almost no armour, amphibious, 8 rings, camouflage 1, gelatinous body 1,
(nimble swimmer 1), tentacles
a: no special abilities


You were on level 4 of the Dungeon.
You visited 1 branch of the dungeon, and saw 4 of its levels.

You collected 10 gold pieces.

Inventory:

Jewellery
 g - a +6 ring of dexterity (left tentacle)
 i - a ring of positive energy (right tentacle)
 j - a ring of flight (on tentacle)
Wands
 b - a wand of flame (2) (quivered)
 c - a wand of charming (15)
 d - a wand of iceblast (5)
Scrolls
 a - 2 scrolls of identify {unknown}
 f - a scroll of teleportation {unknown}
Potions
 e - a potion of curing {unknown}
 h - a potion of cancellation {unknown}


   Skills:
 + Level 1.7 Fighting
 + Level 2.7 Dodging
 + Level 2.4 Stealth
 * Level 1.9 Unarmed Combat
 + Level 3.8 Evocations


You had 3 spell levels left.
You didn't know any spells.
Your spell library contained the following spells:

 Spells                   Type           Power      Damage    Failure   Level
 Summon Small Mammal      Summ           0%         N/A       30%         1
 Call Canine Familiar     Summ           0%         N/A       67%         3
 Summon Guardian Golem    Hex/Summ       0%         N/A       67%         3


Dungeon Overview and Level Annotations

Branches:
Dungeon (4/15)
 Temple: D:4-7

Altars:


Innate Abilities, Weirdness & Mutations

You cannot wear most types of armour.
You are amphibious.
You can wear up to eight rings at the same time.
Your skin changes colour to match your surroundings (Stealth+).
Your rubbery body absorbs attacks. (AC +1, EV +1)
((You are camouflaged when in or above water. (Stealth+)))
You have tentacles for arms and can constrict up to eight enemies at once.


Message History

The puff of flame misses the scorpion.
Aiming: Throw Flame
Press: ? - help, Shift-Dir - straight line, f/p - scorpion
Aim: a scorpion (moderately wounded, 71% to hit)
The puff of flame hits the scorpion.
The scorpion is moderately wounded.
Aiming: Throw Flame
Press: ? - help, Shift-Dir - straight line, f/p - scorpion
Aim: a scorpion (moderately wounded, 71% to hit)
The puff of flame hits the scorpion but does no damage.
The scorpion is moderately wounded.
Aiming: Throw Flame
Press: ? - help, Shift-Dir - straight line, f/p - scorpion
Aim: a scorpion (moderately wounded, 71% to hit)
The puff of flame hits the scorpion.
The scorpion is heavily wounded.
The scorpion stings you.
Aiming: Throw Flame
Press: ? - help, Shift-Dir - straight line, f/p - scorpion
Aim: a scorpion (heavily wounded, 71% to hit)
The puff of flame hits the scorpion!
The scorpion is almost dead.
The scorpion stings you.
You are lethally poisoned!
The scorpion poisons you!
Aiming: Throw Flame
Press: ? - help, Shift-Dir - straight line, f/p - scorpion
Aim: a scorpion (almost dead, 71% to hit)
The puff of flame misses the scorpion.
* * * LOW HITPOINT WARNING * * *
You feel very sick.
The scorpion stings you but does no damage.
Aiming: Throw Flame
Press: ? - help, Shift-Dir - straight line, f/p - scorpion
Aim: a scorpion (almost dead, 71% to hit)
The puff of flame misses the scorpion.
* * * LOW HITPOINT WARNING * * *
You feel very sick. The scorpion stings you.
You die...

#............#
#.##.........#
#.##.........#
#.###)#.###### #.#..<#.#
#.#####.# #.......#
#######################.
................@s......
########################


You could see a scorpion.

Vanquished Creatures
  2 iguanas (D:4)
  3 endoplasms
  A giant cockroach (D:1)
  A goblin (D:4)
  4 kobolds
  2 ball pythons
  A frilled lizard (D:1)
14 creatures vanquished.

Notes
Turn   | Place    | Note
-------+----------+-------------------------------------------
     0 | D:1      | M4edhros the Octopode Artificer began the quest for the
                  | Orb.
     0 | D:1      | Reached XP level 1. HP: 13/13 MP: 1/1
   201 | D:2      | Reached XP level 2. HP: 18/18 MP: 2/2
   345 | D:4      | Reached skill level 1 in Unarmed Combat
   345 | D:4      | Reached XP level 3. HP: 6/23 MP: 3/3
   470 | D:4      | Reached XP level 4. HP: 9/29 MP: 4/4
   523 | D:4      | Noticed a scorpion
   531 | D:4      | Slain by a scorpion

Illustrated notes

Levels and vault maps discovered:
D:1:      denvon_arrival_waterhouse, layout_loops_corners,
          dreamdust_ecumenical_altar_sealed_demon, minmay_misc_feat_enclosed,
          minmay_lizard_king
D:2:      layout_loops_ring, uniq_natasha
D:3:      layout_basic, serial_co_window_serial, co_window_cross_1,
          co_window_paths_b, co_window_corner_a, co_window_of_opportunity_a,
          co_window_of_opportunity_a, co_window_corner_b, co_window_cross_2,
          co_window_cross_2, glass_columns_c, glass_columns_c, glass_columns_b,
          glass_columns_a, glass_columns_c, uniq_terence, uniq_robin
D:4:      layout_basic, uniq_pargi, uniq_blork_the_orc

Skill      XL: |  1  2 |
---------------+-------+-----
Stealth        | 2 |  2.4
Unarmed Combat | 1 |  1.9
Fighting       | |  1.7
Dodging        | |  2.7
Evocations     | |  3.8

Action                   |  1- 3 |  4- 6 || total
-------------------------+-------+-------++-------
Melee: Unarmed           |    28 |     7 ||    35
       Tentacles         |     9 |     1 ||    10
       Constrict         |     5 |     2 ||     7
Evoke: Wand              |     5 |     8 ||    13
 Stab: Sleeping          |     4 |     1 ||     5
Armor: Skin              |     3 |     1 ||     4
Dodge: Dodged            |    14 |     3 ||    17

Table legend: (Time is in decaauts)
 A = Elapsed time spent in this place.
 B = Non-inter-level travel time spent in this place.
 C = Inter-level travel time spent in this place.
 D = Time resting spent in this place.
 E = Time spent auto-exploring this place.
 F = Levels seen in this place.
 G = Mean time per level.
                   A        B        C        D        E       F      G
               +--------+--------+--------+--------+--------+-----+--------+
         Total |    527 |    494 |     33 |     73 |    257 |   4 |  131.8 |
       Dungeon |    527 |    494 |     33 |     73 |    257 |   4 |  131.8 |
               +--------+--------+--------+--------+--------+-----+--------+

Top non-repeatable levels by time:
     D:4: 207 daAuts
     D:1: 194 daAuts
     D:3: 97 daAuts
     D:2: 27 daAuts
